 Dungeon Crawl Stone Soup version 0.27.1-16-g815e20cd7a (webtiles) character file.

Game seed: 12011282730406575453

333 TheCrusader the Cudgeller (level 6, -1/53 HPs)
             Began as a Hill Orc Fighter on Nov 24, 2021.
             Slain by an adder (3 damage)
             ... on level 4 of the Dungeon.
             The game lasted 00:17:27 (3534 turns).

TheCrusader the Cudgeller (Hill Orc Fighter)        Turns: 3534, Time: 00:17:28

Health: -1/53      AC:  9    Str: 19    XL:     6   Next: 53%
Magic:  6/6        EV:  8    Int:  8    God:
Gold:   173        SH:  9    Dex: 12    Spells: 5/5 levels left

rFire    . . .     SeeInvis .   j - +0 war axe (freeze)
rCold    . . .     Faith    +   c - +0 kite shield
rNeg     . . .     Spirit   .   f - +2 ring mail {Will+}
rPois    .         Reflect  .   (no helmet)
rElec    .         Harm     .   (no cloak)
rCorr    .         Rampage  .   i - +0 pair of gloves
Will     +....                  (no boots)
Stlth    +.........             b - amulet of faith
HPRegen  0.17/turn              (no ring)
MPRegen  0.10/turn              (no ring)

@: no status effects
A: no striking features
a: no special abilities


You were on level 4 of the Dungeon.
You visited 1 branch of the dungeon, and saw 4 of its levels.

You collected 173 gold pieces.

Inventory:

Hand Weapons
 a - a +0 flail
 j - a +0 war axe of freezing (weapon)
Missiles
 k - 5 boomerangs (quivered)
Armour
 c - a +0 kite shield (worn)
 f - a +2 ring mail of willpower (worn)
 i - a +0 pair of gloves (worn)
Jewellery
 b - an amulet of faith (around neck)
Scrolls
 h - 4 scrolls of identify


   Skills:
 + Level 4.3 Fighting
 * Level 1.5(4.0) Axes
 - Level 4.9(5.0) Maces & Flails
 + Level 4.5 Armour
 + Level 1.0 Dodging
 + Level 4.4 Shields


You had 5 spell levels left.
You didn't know any spells.
Your spell library contained the following spells:

 Spells                   Type           Power      Damage    Failure   Level
 Gell's Gravitas          Tloc           0%         N/A       100%        3
 Teleport Other           Tloc           0%         N/A       100%        3
 Dispersal                Tloc           0%         N/A       100%        6


Dungeon Overview and Level Annotations

Branches:
Dungeon (4/15)
 Temple: D:4-7

Altars:
Cheibriados
Fedhas

Shops:
D:1 [   D:3 :

Annotations:
D:4 Edmund


Message History

The adder bites you but does no damage.
You closely miss the river rat.
The river rat is heavily wounded.
You barely miss the adder. You hit Edmund. You freeze Edmund.
Edmund barely misses you. You block the adder's attack.
The river rat closely misses you.
Edmund hits you with a +1 flail of protection.
* * * LOW HITPOINT WARNING * * *
The adder bites you but does no damage. The river rat bites you.
* * * LOW HITPOINT WARNING * * *
You enter the shallow water.
Moving in this stuff is going to be slow.
You block the river rat's attack. The adder bites you.
* * * LOW HITPOINT WARNING * * *
Things that are here:
a rat corpse; a river rat corpse The river rat twitches its whiskers.
You block the river rat's attack.
There is a collapsed entrance here.
You can't go down here!
You can't go up here!
You can't go down here!
Unknown command.
You slash the river rat! You freeze the river rat.
You kill the river rat!
You hit the adder. You freeze the adder. The adder closely misses you.
The adder barely misses you.
Edmund clears his throat.
You enter the shallow water.
Moving in this stuff is going to be slow.
The adder bites you.
* * * LOW HITPOINT WARNING * * *
Edmund splashes around in the water.
The adder bites you.
* * * LOW HITPOINT WARNING * * *
Edmund splashes around in the water.
Things that are here:
a river rat corpse; a ball python corpse The adder bites you but does no damage.
Edmund splashes around in the water.
The adder bites you.
You die...

##### #... ## ####..#
# ...
#.....####.#.#...
#.##..#.......
#..##### #.....)....#
#....... #..###@###.#
#... ##.#≈@†S≈#.# #.##
#.#≈≈.≈≈#.#########.##
#.#≈≈≈≈≈#.##........##
#.#≈≈≈≈≈#..#........##
#.#######.............
#.........##...(...###
#........###.......# #
########.# #.......# #


You could see Edmund and an adder.

Vanquished Creatures
  A water moccasin (D:3)
  An ogre (D:2)
  Terence (D:3)
  3 adders
  2 river rats (D:4)
  A worm (D:2)
  2 dart slugs
  3 orcs
  2 ball pythons
  11 endoplasms
  2 giant cockroaches
  4 goblins
  5 hobgoblins
  3 jackals (D:3)
  2 quokkas (D:1)
  8 bats
  2 frilled lizards
  3 kobolds
  4 rats
60 creatures vanquished.

Notes
Turn   | Place    | Note
-------+----------+-------------------------------------------
     0 | D:1      | TheCrusader the Hill Orc Fighter began the quest for the
                  | Orb.
     0 | D:1      | Reached XP level 1. HP: 19/19 MP: 1/1
    86 | D:1      | Reached XP level 2. HP: 27/27 MP: 2/2
   493 | D:1      | Reached XP level 3. HP: 14/33 MP: 3/3
   971 | D:1      | Found Motozats's Antique Armour Shop.
  1634 | D:2      | Reached XP level 4. HP: 40/40 MP: 4/4
  1660 | D:2      | Noticed an ogre
  1673 | D:2      | Killed an ogre
  1674 | D:2      | Reached XP level 5. HP: 22/46 MP: 5/5
  1959 | D:2      | Found a faded altar of an unknown god.
  2093 | D:3      | Found a blossoming altar of Fedhas.
  2093 | D:3      | Noticed a water moccasin
  2107 | D:3      | Killed a water moccasin
  2108 | D:3      | Reached XP level 6. HP: 17/52 MP: 6/6
  2305 | D:3      | Found Xaniu's Book Emporium.
  2463 | D:3      | Noticed Terence
  2471 | D:3      | Killed Terence
  2989 | D:4      | Found a snail-covered altar of Cheibriados.
  3011 | D:4      | Reached skill level 1 in Dodging
  3016 | D:4      | Noticed Edmund
  3522 | D:4      | Reached skill level 1 in Axes
  3533 | D:4      | HP: 2/53 [adder (1)]
  3534 | D:4      | Slain by an adder

Illustrated notes

Levels and vault maps discovered:
D:1:      heliophobic_arrival_henge, layout_basic, serial_shops, shop,
          dk_noncrumbling_2
D:2:      layout_rooms, shapermc_ecumenical_altar_hornbeckon
D:3:      layout_rooms, mainiacjoe_overflow_alcove_4, serial_shops,
          nicolae_square_shop, uniq_terence
D:4:      layout_loops_cross, slow_altar_1, portal_sewer_entry_c,
          grunt_decor_fettered, uniq_edmund

Skill      XL: |  1  2  3  4  5  6 |
---------------+-------------------+-----
Maces & Flails | 3 4 |  4.9
Armour         | 4 |  4.5
Fighting       | 4 |  4.3
Shields        | 4 |  4.4
Dodging        | 1 |  1.0
Axes           | 1 |  1.5

Action                   |  1- 3 |  4- 6 || total
-------------------------+-------+-------++-------
Melee: Flail             |   133 |    59 ||   192
       War axe           |       |    41 ||    41
  Use: Potion            |     2 |     2 ||     4
       Scroll            |       |     7 ||     7
Armor: Scale mail        |    76 |    62 ||   138
       Ring mail         |       |    17 ||    17
Dodge: Dodged            |    57 |    58 ||   115
Block: Kite shield       |    69 |    79 ||   148
